 Dungeon Crawl Stone Soup version 0.29-a0-923-g6e406bff71 (webtiles) character file.

Game seed: 14702540552336471783

63529 Gwenloh the Frost Mage (level 15, -3/135 HPs)
             Began as a Naga Ice Elementalist on July 23, 2022.
             Was the Champion of Cheibriados.
             Slain by a catoblepas (28 damage)
             ... on level 10 of the Dungeon on July 27, 2022.
             The game lasted 01:52:20 (18664 turns).

Gwenloh the Frost Mage (Naga Ice Elementalist)     Turns: 18664, Time: 01:52:20

Health: -3/135     AC: 13    Str: 25    XL:     15   Next: 10%
Magic:  29/31      EV: 20    Int: 36    God:    Cheibriados [******]
Gold:   991        SH:  0    Dex: 29    Spells: 25/38 levels left

rFire   . . .      SeeInvis +   E - +2 trident (venom)
rCold   . . .      Faith    .   (no shield)
rNeg    . . .      Spirit   .   P - +0 troll leather armour
rPois   +          Reflect  .   R - +2 hat
rElec   .          Harm     .   D - +0 cloak
rCorr   +          Rampage  .   m - +2 pair of gloves
Will    +....                   (no barding)
Stlth   ++++......              i - amulet of magic regeneration
HPRegen 1.12/turn               I - ring of resist corrosion
MPRegen 0.62/turn               H - ring of flight

@: about to teleport, flying, very slow
A: AC +5, large, see invisible, deformed body, poison resistance, slowness 2,
spit poison 1, naga tail 2
a: Spit Poison, Renounce Religion, Bend Time, Temporal Distortion, Slouch, Step
From Time


You were on level 10 of the Dungeon.
You worshipped Cheibriados.
Cheibriados was exalted by your worship.
You visited 3 branches of the dungeon, and saw 16 of its levels.

You collected 991 gold pieces.

Inventory:

Hand Weapons
 p - a +0 whip of holy wrath
 y - a +2 whip of flaming
 E - a +2 trident of venom (weapon)
 K - a +1 vampiric spear
 Z - the +2 dagger of Tuowuj {freeze, Str+5}
   (You found it on level 5 of the Lair of Beasts)

   It freezes those it strikes, dealing additional cold damage.
   It can also slow down cold-blooded creatures.
   Str:       It affects your strength (+5).
Missiles
 e - 2 throwing nets
Armour
 m - a +2 pair of gloves (worn)
 n - a +0 helmet
 q - a +2 ring mail of cold resistance
 D - a +0 cloak (worn)
 F - a +1 leather armour of cold resistance
 P - a +0 troll leather armour (worn)
 R - a +2 hat (worn)
 S - +0 fire dragon scales
Jewellery
 i - an amulet of magic regeneration (around neck)
 t - a +6 ring of dexterity
 C - a ring of protection from fire
 H - a ring of flight (right hand)
 I - a ring of resist corrosion (left hand)
 Q - a +6 ring of dexterity
 V - a ring of magical power
Wands
 f - a wand of acid (6)
 x - a wand of polymorph (12)
 O - a wand of iceblast (3)
 Y - a wand of charming (5)
Scrolls
 j - 8 scrolls of fog
 k - 2 scrolls of amnesia
 l - 5 scrolls of immolation
 s - a scroll of noise
 w - 2 scrolls of teleportation
 z - a scroll of brand weapon
 A - 3 scrolls of enchant armour
 J - 8 scrolls of enchant weapon
 T - a scroll of poison
 U - a scroll of vulnerability {unknown}
 X - 2 scrolls of magic mapping
Potions
 a - 3 potions of ambrosia {unknown}
 b - 2 potions of cancellation {unknown}
 c - 3 potions of invisibility {unknown}
 d - 3 potions of haste {unknown}
 g - 2 potions of lignification {unknown}
 h - 2 potions of mutation {unknown}
 o - 6 potions of degeneration
 r - a potion of resistance {unknown}
 u - 8 potions of curing
 v - a potion of attraction {unknown}
 B - 5 potions of brilliance
 G - a potion of magic
 L - 2 potions of flight {unknown}
 N - 2 potions of might {unknown}


   Skills:
 + Level 9.0 Fighting
 * Level 11.0 Dodging
 - Level 5.5 Stealth
 * Level 12.1 Spellcasting
 + Level 8.6 Conjurations
 * Level 13.5 Ice Magic
 + Level 7.8 Invocations


You had 25 spell levels left.
You knew the following spells:

 Your Spells              Type           Power      Damage    Failure   Level
a - Freeze                Ice            100%       1d11      0%          1
b - Frozen Ramparts       Ice            100%       1d12      1%          3
c - Ozocubu's Armour      Ice            87%        N/A       1%          3
d - Hailstorm             Conj/Ice       79%        3d16      1%          4
e - Blink                 Tloc           42%        N/A       3%          2

Your spell library contained the following spells:

 Spells                   Type           Power      Damage    Failure   Level
 Shock                    Conj/Air       100%       1d9       1%          1
 Ensorcelled Hibernation  Hex/Ice        100%       N/A       1%          2
 Stone Arrow              Conj/Erth      100%       3d13      1%          3
 Apportation              Tloc           42%        N/A       2%          1
 Sandblast                Erth           42%        2d11      2%          1
 Passwall                 Tmut/Erth      17%        N/A       3%          2
 Scorch                   Fire           42%        2d7       3%          2
 Flame Wave               Conj/Fire      52%        2d13      3%          4
 Iskenderun's Mystic Bla  Conj/Tloc      52%        2d11      3%          4
 Lesser Beckoning         Tloc           21%        N/A       6%          3
 Swiftness                Air            21%        N/A       6%          3
 Airstrike                Air            10%        0-4+      22%         4
 Alistair's Intoxication  Tmut/Pois      14%        N/A       52%         5
 Manifold Assault         Tloc           21%        N/A       52%         5
 Summon Cactus Giant      Summ           10%        N/A       97%         6


Dungeon Overview and Level Annotations

Branches:
Dungeon (10/15)            Temple (1/1) D:7            Lair (5/5) D:9
  Swamp (0/4) Lair:3        Snake (0/4) Lair:2        Slime (0/5) Lair:4
    Orc: D:9-12

Altars:
Ashenzari
Cheibriados
Dithmenos
Elyvilon
Fedhas
Gozag
Hepliaklqana
Kikubaaqudgha
Makhleb
Nemelex Xobeh
Okawaru
Qazlal
Ru
Sif Muna
Trog
Uskayaw
Vehumet
Xom
Yredelemnul
Zin
The Shining One
Jiyva

Annotations:
D:8 exclusion: statue
Lair:4 exclusion: ice statue


Innate Abilities, Weirdness & Mutations

Your serpentine skin is tough. (AC +5)
You have supernaturally acute eyesight. (SInv)
Armour fits poorly on your strangely shaped body.
Your system is resistant to poisons. (rPois)
You cover ground very slowly.
You can spit poison.
You can use your snake-like lower body to constrict enemies.


Message History

A cannonade of hail descends around you!
The hail pelts the catoblepas!
The catoblepas is moderately wounded.
The hail pelts the basilisk!!
You kill the basilisk!
Cheibriados thoroughly appreciates the change of pace.
The wall freezes the catoblepas!
The catoblepas breathes a plume of calcifying dust at you.
The blast of calcifying dust hits you.
Your frozen ramparts will break if you move.
Continue?
Okay, then.
Your frozen ramparts will break if you move.
Continue?
The frozen ramparts melt away as you move.
The catoblepas gores you! The catoblepas barely misses you.
The catoblepas breathes a plume of calcifying dust at you.
The blast of calcifying dust hits you!
Your magical contamination has completely faded away.
The catoblepas breathes a plume of calcifying dust at you.
The blast of calcifying dust hits you but does no damage.
The catoblepas gores you.
* * * LOW HITPOINT WARNING * * *
You see here a +0 long sword.
The catoblepas gores you.
* * * LOW HITPOINT WARNING * * *
The catoblepas gores you but does no damage.
The catoblepas breathes a plume of calcifying dust at you.
The blast of calcifying dust hits you.
* * * LOW HITPOINT WARNING * * *
The catoblepas misses you.
The catoblepas breathes a plume of calcifying dust at you.
The blast of calcifying dust hits you.
* * * LOW HITPOINT WARNING * * *
The catoblepas gores you!
* * * LOW HITPOINT WARNING * * *
You see here 10 gold pieces.
As you read the scroll of teleportation, it crumbles to dust.
You feel strangely unstable.
You are engulfed in calcifying dust.
The catoblepas gores you!!
You die...

#..............
#..............
#..............
#..............
#####..........
#### ##.......<.
..) ##.####..#
####§#####.# #..#
#@##.##.##.# #..#
#§Y..)...'.####..#
#)##.##.##........
####)#####........
#.).# ######...
##[## .. #.#
....Y§).)..#
#.##l##.##.#


You could see a catoblepas.

Vanquished Creatures
  Kirke (Lair:5)
  Nessos (Lair:5)
  10 hydras
  A catoblepas (Lair:5)
  A boulder beetle (Lair:3)
  A centaur warrior (D:10)
  An ogre mage (D:10)
  2 two-headed ogres
  2 tengu warriors (D:10)
  18 death yaks
  Sonja (Lair:5)
  Pikel (D:5)
  A bog body (Lair:4)
  A lindwurm (Lair:5)
  An ugly thing (D:10)
  8 black mambas
  5 elephants (Lair:5)
  A torpor snail (Lair:5)
  12 cane toads
  7 komodo dragons
  7 rime drakes
  4 unseen horror zombies (D:9)
  2 trolls (D:9)
  Grinder (D:5)
  3 polar bears
  A slime creature (D:7)
  Prince Ribbit (D:5)
  12 blink frogs
  16 dream sheep
  A shadow (D:9)
  A ynoxinul (D:9)
  4 wyverns
  44 yaks
  Eustachio (D:6)
  4 hogs (Lair:5)
  6 basilisks
  3 steam dragons
  Edmund (D:6)
  3 nagas (Lair:2)
  A harpy simulacrum (Lair:4)
  An acid dragon (D:9)
  16 water moccasins
  An orc warrior (D:6)
  2 sky beasts
  A hornet zombie (D:9)
  4 ice beasts
  5 black bears
  16 wolves
  5 ogres
  4 centaurs
  A phantom (D:6)
  Blork the orc (D:4)
  3 kobold brigands
  11 bullfrogs
  5 gnoll sergeants
  A wyvern zombie (D:9)
  2 two-headed ogre simulacra (Lair:4)
  7 scorpions
  10 wights
  A howler monkey (D:8)
  2 electric eels (Lair:5)
  A centaur zombie (D:9)
  8 hounds
  6 jellies
  2 orc priests
  2 gnoll boudas
  5 iguanas
  Ijyb (D:3)
  16 hell rats
  7 orc wizards
  2 spriggan simulacra (Lair:4)
  Robin (D:4)
  3 howler monkey zombies (D:9)
  38 gnolls
  14 adders
  13 river rats (Lair:3)
  2 shadow imps
  4 white imps
  An ufetubus (D:4)
  5 dart slugs
  4 worms
  20 orcs
  30 endoplasms
  4 giant cockroaches
  21 goblins
  7 hobgoblins
  3 jackals (D:1)
  8 quokkas
  6 ball pythons
  11 bats
  A frilled lizard (D:1)
  20 kobolds
  15 rats
572 creatures vanquished.

Vanquished Creatures (others)
  A spriggan (shapeshifter) (D:10)
  51 fungi
  63 plants
115 creatures vanquished.

Grand Total: 687 creatures vanquished

Notes
Turn   | Place    | Note
-------+----------+-------------------------------------------
     0 | D:1      | Gwenloh the Naga Ice Elementalist began the quest for the
                  | Orb.
     0 | D:1      | Reached XP level 1. HP: 15/15 MP: 3/3
   491 | D:1      | Reached XP level 2. HP: 22/22 MP: 3/5
   966 | D:1      | Reached XP level 3. HP: 26/30 MP: 6/6
  1392 | D:2      | Learned a level 3 spell: Frozen Ramparts
  1835 | D:2      | Reached XP level 4. HP: 37/37 MP: 7/7
  1839 | D:2      | Learned a level 3 spell: Ozocubu's Armour
  2344 | D:3      | Found a faded altar of an unknown god.
  2399 | D:3      | Noticed Ijyb
  2414 | D:3      | Killed Ijyb
  2415 | D:3      | Reached skill level 1 in Fighting
  2693 | D:3      | Reached XP level 5. HP: 44/44 MP: 5/9
  2875 | D:3      | Noticed an ogre
  2891 | D:3      | Killed an ogre
  3195 | D:3      | Reached XP level 6. HP: 51/51 MP: 10/10
  3664 | D:3      | Reached skill level 5 in Ice Magic
  3891 | D:4      | Found a shadowy altar of Dithmenos.
  3914 | D:4      | Noticed Robin
  3923 | D:4      | Killed Robin
  3930 | D:4      | Reached XP level 7. HP: 56/58 MP: 9/12
  4033 | D:4      | Reached skill level 5 in Stealth
  4179 | D:4      | Noticed Blork the orc
  4190 | D:4      | Killed Blork the orc
  4198 | D:3      | Found a stormy altar of Qazlal.
  4305 | D:4      | Found a blossoming altar of Fedhas.
  4769 | D:5      | Entered Level 5 of the Dungeon
  4811 | D:5      | Learned a level 4 spell: Hailstorm
  4814 | D:5      | Learned a level 2 spell: Blink
  4845 | D:5      | Reached skill level 6 in Ice Magic
  4845 | D:5      | Reached XP level 8. HP: 44/68 MP: 6/14
  5037 | D:5      | Reached skill level 1 in Conjurations
  5153 | D:5      | Noticed Pikel
  5168 | D:5      | Killed Pikel
  5169 | D:5      | Reached skill level 5 in Spellcasting
  5336 | D:5      | Reached XP level 9. HP: 53/76 MP: 12/17
  5529 | D:5      | Found a shimmering altar of Xom.
  5544 | D:5      | Found a shimmering altar of Xom.
  5545 | D:5      | Found a shimmering altar of Xom.
  5545 | D:5      | Found a shimmering altar of Xom.
  5553 | D:5      | Reached skill level 7 in Ice Magic
  5597 | D:5      | Identified the +2 plate armour of the Orb {rF- rC+ Str+3}
  5615 | D:5      | Noticed Prince Ribbit
  5639 | D:5      | Killed Prince Ribbit
  5640 | D:5      | Reached skill level 5 in Dodging
  5996 | D:5      | Noticed Grinder
  6004 | D:5      | Paralysed by Grinder for 2 turns
  6015 | D:5      | Killed Grinder
  6351 | D:5      | Found a hide-covered altar of Uskayaw.
  7472 | D:6      | Found a glowing golden altar of the Shining One.
  7532 | D:6      | Noticed Edmund
  7547 | D:6      | Killed Edmund
  7845 | D:6      | Reached skill level 8 in Ice Magic
  8235 | D:6      | Reached XP level 10. HP: 87/87 MP: 17/20
  8303 | D:6      | Noticed Eustachio
  8309 | D:6      | Killed Eustachio
  8775 | D:7      | Noticed a five-headed hydra
  8783 | D:7      | Killed a five-headed hydra
  8784 | D:7      | Reached skill level 5 in Fighting
  8963 | D:7      | Found a sparkling altar of Nemelex Xobeh.
  8999 | D:7      | Found a hazy altar of Hepliaklqana.
  9142 | D:7      | Found a staircase to the Ecumenical Temple.
  9164 | Temple   | Entered the Ecumenical Temple
  9179 | Temple   | Became a worshipper of Cheibriados the Contemplative
  9401 | D:7      | Reached skill level 9 in Ice Magic
  9401 | D:7      | Reached * piety under Cheibriados
  9708 | D:8      | Found a radiant altar of Vehumet.
  9750 | D:8      | Reached ** piety under Cheibriados
  9761 | D:8      | Noticed a two-headed ogre
  9768 | D:8      | Killed a two-headed ogre
  9769 | D:8      | Reached skill level 1 in Invocations
  9769 | D:8      | Reached XP level 11. HP: 87/96 MP: 16/22
 10000 | D:8      | Found an iron altar of Okawaru.
 10434 | D:8      | Reached *** piety under Cheibriados
 10644 | D:9      | Reached skill level 5 in Conjurations
 10960 | D:9      | Upgraded the game from 0.29-a0-901-g46a8461d6a to
                  | 0.29-a0-911-g88e6f02907
 10976 | D:9      | Found a basalt altar of Yredelemnul.
 11379 | D:9      | Found a bloodstained altar of Trog.
 11476 | D:9      | Found a shimmering blue altar of Sif Muna.
 11480 | D:9      | Got Sif Muna's Cyclopedia of the Impact
 11530 | D:9      | Found a staircase to the Lair.
 11974 | Lair:1   | Entered Level 1 of the Lair of Beasts
 12001 | Lair:1   | Reached **** piety under Cheibriados
 12002 | Lair:1   | Reached skill level 10 in Ice Magic
 12489 | Lair:1   | Reached XP level 12. HP: 97/106 MP: 20/24
 12809 | Lair:2   | Noticed a five-headed hydra
 13019 | Lair:2   | Reached ***** piety under Cheibriados
 13209 | Lair:2   | Killed a five-headed hydra
 13393 | Lair:2   | Found a staircase to the Snake Pit.
 13649 | Lair:2   | Upgraded the game from 0.29-a0-911-g88e6f02907 to
                  | 0.29-a0-923-g6e406bff71
 13655 | Lair:3   | Noticed a death yak
 13733 | Lair:3   | Reached skill level 11 in Ice Magic
 13759 | Lair:3   | Found a staircase to the Swamp.
 13839 | Lair:2   | Reached skill level 5 in Invocations
 13871 | Lair:3   | Noticed a death yak
 14183 | Lair:3   | Noticed a death yak
 14189 | Lair:3   | Noticed a death yak
 14198 | Lair:3   | Killed a death yak
 14198 | Lair:3   | Killed a death yak
 14198 | Lair:3   | Killed a death yak
 14198 | Lair:3   | Killed a death yak
 14199 | Lair:3   | Reached skill level 10 in Spellcasting
 14199 | Lair:3   | Gained mutation: You can use your snake-like lower body to
                  | constrict enemies. [Naga growth]
 14199 | Lair:3   | Reached XP level 13. HP: 18/115 MP: 13/27
 15102 | Lair:4   | Reached ****** piety under Cheibriados
 15453 | Lair:4   | Reached skill level 12 in Ice Magic
 15515 | Lair:4   | Found a staircase to the Slime Pits.
 15515 | Lair:4   | Found a viscous altar of Jiyva.
 16192 | Lair:5   | Entered Level 5 of the Lair of Beasts
 16218 | Lair:5   | Noticed Nessos
 16230 | Lair:5   | Killed Nessos
 16244 | Lair:5   | Noticed Sonja
 16443 | Lair:5   | Reached skill level 10 in Dodging
 16443 | Lair:5   | Reached XP level 14. HP: 112/126 MP: 29/29
 16617 | Lair:5   | Killed Sonja
 16806 | Lair:5   | Noticed Kirke
 16825 | Lair:5   | Killed Kirke
 17403 | Lair:5   | Reached skill level 13 in Ice Magic
 17928 | Lair:5   | Identified the +2 dagger of Tuowuj {freeze, Str+5}
 17970 | Lair:5   | Noticed a dire elephant
 18549 | D:10     | Entered Level 10 of the Dungeon
 18633 | D:10     | Reached XP level 15. HP: 127/134 MP: 26/31
 18664 | D:10     | Slain by a catoblepas

Illustrated notes

Levels and vault maps discovered:
D:1:      psy_arrival_basics, layout_loops_ring
D:2:      layout_basic
D:3:      minmay_recursive_quarters, layout_loops_ring,
          nicolae_overflow_ecumenical_swirl, kennysheep_nondescript,
          nicolae_figureground_pulse, uniq_ijyb
D:4:      minmay_wonky_spiral, layout_basic, kennysheep_little_box,
          nicolae_dithmenos_shadow_blocks, uniq_robin, uniq_blork_the_orc
D:5:      layout_layer_cave, xom_redecorated, nicolae_uskayaw_suspiria,
          uniq_pikel, uniq_prince_ribbit1, uniq_grinder
D:6:      minmay_diamond_boxcup, layout_basic, nicolae_tso_swordbearing_angel,
          uniq_eustachio, uniq_edmund
D:7:      lemuel_slime, layout_loops_ring, kennysheep_mini,
          nemelex_xobeh_ov_fountains_minmay, minmay_temple_entry_glass,
          dreamdust_gnoll_farm
D:8:      layout_loops_ring, vehumet_statue, okawaru_trees_2, enter_bailey_3,
          kennysheep_generic_room_3
D:9:      layout_long_grid, nicolae_yredelemnul_corpse_copse,
          nzn_overflow_gifts_of_might_and_magic, lair_entry_dummy
D:10:     hangedman_cross_veins, layout_small_grid, mainiacjoe_overflow_catwalk,
          minmay_orc_entry_guard_dogs, serial_shops, shop, uniq_harold,
          uniq_erolcha
Temple:   hellmonk_temple_micro_hex
Lair:1:   layout_misc_corridors
Lair:2:   layout_regular_city, guppyfry_snake_entry_garden,
          nicolae_volcano_entry_lava_flow
Lair:3:   lemuel_ratsnest, layout_chaotic_city, swamp_mist, beast_lair_carwin_1,
          grunt_megastairs_2
Lair:4:   dreamdust_isle_of_ice, layout_small_grid,
          nicolae_slime_entry_slimehenge, minmay_shattered_shrine,
          lemuel_fruit_fields, serial_bayou_shore_b
Lair:5:   hangedman_lair_in_review, layout_gridlike, roderic_batcave,
          chequers_serial_rivers_room_b, serial_bayou_shore_b,
          infiniplex_staircase_pool, serial_bayou_shore_b, uniq_sonja,
          uniq_kirke, uniq_nessos

Skill      XL: |  1  2  3  4  5  6  7  8  9 10 11 12 13 14 15 |
---------------+----------------------------------------------+-----
Dodging        | 2 3 4 5 7 8 9 10 11 | 11.0
Fighting       | 1 2 3 4 5 6 7 8 9 |  9.0
Stealth        | 4 5 |  5.5
Spellcasting   | 3 4 5 6 7 8 10 11 12 | 12.1
Ice Magic      | 5 6 8 9 10 11 12 13 | 13.5
Conjurations   | 2 3 4 5 6 7 8 |  8.6
Invocations    | 1 3 5 6 7 |  7.8

Action                   |  1- 3 |  4- 6 |  7- 9 | 10-12 | 13-15 || total
-------------------------+-------+-------+-------+-------+-------++-------
Melee: Unarmed           |     1 |       |       |       |       ||     1
       Trident           |    11 |    47 |   159 |   426 |   391 ||  1034
       Punch             |       |       |     1 |     6 |     9 ||    16
       Whip              |       |       |       |    35 |       ||    35
       Spear             |       |       |       |     1 |       ||     1
       Constrict         |       |       |       |       |   107 ||   107
 Cast: Freeze            |    21 |    14 |    44 |    19 |     1 ||    99
       Frozen Ramparts   |     4 |    13 |    26 |    59 |    55 ||   157
       Ozocubu's Armour  |       |     5 |    18 |    30 |    23 ||    76
       Hailstorm         |       |       |     7 |    13 |     8 ||    28
       Blink             |       |       |       |     1 |       ||     1
Invok: Bend Time         |       |       |       |     1 |     2 ||     3
       Temporal Distorti |       |       |       |     1 |       ||     1
       Slouch            |       |       |       |     2 |     6 ||     8
       Step From Time    |       |       |       |       |     1 ||     1
 Abil: Spit Poison       |    29 |    25 |    39 |    33 |    15 ||   141
Evoke: Wand              |       |       |    13 |    19 |    12 ||    44
  Use: Potion            |       |     1 |     1 |     3 |       ||     5
       Scroll            |       |       |     3 |     9 |     6 ||    18
 Stab: Sleeping          |       |       |     1 |     5 |     4 ||    10
       Distracted        |       |       |       |       |     2 ||     2
Armor: Robe              |     6 |    18 |    73 |   226 |       ||   323
       Troll leather arm |       |       |       |   116 |   250 ||   366
Dodge: Dodged            |     4 |    18 |    95 |   651 |   545 ||  1313

Table legend: (Time is in decaauts)
 A = Elapsed time spent in this place.
 B = Non-inter-level travel time spent in this place.
 C = Inter-level travel time spent in this place.
 D = Time resting spent in this place.
 E = Time spent auto-exploring this place.
 F = Levels seen in this place.
 G = Mean time per level.
                   A        B        C        D        E       F      G
               +--------+--------+--------+--------+--------+-----+--------+
         Total |  29343 |  27991 |   1352 |   3041 |  15915 |  16 | 1833.9 |
       Dungeon |  15850 |  15310 |    540 |   1860 |  10437 |  10 | 1585.0 |
        Temple |     25 |     25 |      0 |     10 |      0 |   1 |   25.0 |
          Lair |  13468 |  12657 |    811 |   1170 |   5478 |   5 | 2693.6 |
               +--------+--------+--------+--------+--------+-----+--------+

Top non-repeatable levels by time:
  Lair:5: 3789 daAuts
  Lair:4: 3283 daAuts
     D:6: 2518 daAuts
  Lair:2: 2445 daAuts
  Lair:3: 2388 daAuts
     D:9: 2238 daAuts
     D:3: 1984 daAuts
     D:5: 1968 daAuts
     D:1: 1711 daAuts
     D:8: 1587 daAuts
  Lair:1: 1561 daAuts
     D:7: 1444 daAuts
     D:4: 1178 daAuts
     D:2: 988 daAuts
    D:10: 229 daAuts
